 Dungeon Crawl Stone Soup version 0.17.2-1-ge4368a0 (webtiles) character file.

19261 Goblin1989 the Cleaver (level 12, 0/92 HPs)
             Began as a Demonspawn Artificer on Mar 16, 2017.
             Was an Initiate of Gozag.
             Slain by a komodo dragon (22 damage)
             ... on level 3 of the Lair of Beasts.
             The game lasted 00:49:52 (17033 turns).

Goblin1989 the Cleaver (Demonspawn Artificer)      Turns: 17033, Time: 00:49:52

Health: 0/92       AC: 17    Str: 15    XL:     12   Next: 35%
Magic:  0/14       EV:  7    Int: 15    God:    Gozag
Gold:   1224       SH:  0    Dex: 13    Spells: 0 memorised, 11 levels left

rFire  . . .     SeeInvis +     a - +1 battleaxe
rCold  . . .     Clarity  .     F - +0 plate armour
rNeg   . . .     SustAt   .     (shield currently unavailable)
rPois  +         Gourm    .     (helmet restricted)
rElec  .         Spirit   +     (no cloak)
rCorr  .         Warding  .     (no gloves)
rMut   .         Stasis   .     (no boots)
MR     .....                    D - amulet of guardian spirit
Stlth  ..........               o - ring of poison resistance
                                s - ring of see invisible

@: not resistant to hostile enchantments, extremely unstealthy
A: antennae 2, rough black scales 1, spiny 2, rot immunity
a: Potion Petition, Call Merchant, Bribe Branch, Renounce Religion


You were on level 3 of the Lair of Beasts.
You worshipped Gozag.
Gozag was noncommittal.
You were not hungry.

You visited 3 branches of the dungeon, and saw 15 of its levels.
You also visited: Ossuary.

You collected 3126 gold pieces.
You spent 296 gold pieces at shops.
You paid 1606 gold pieces to Gozag.

Inventory:

Hand Weapons
 a - a +1 battleaxe (weapon)
 b - a +2 scimitar of flaming
 c - the +7 hunting sling of Yhejem {freeze, +Inv rElec rC- Str+4}
   (You found it on level 8 of the Dungeon)

   It causes projectiles fired from it to freeze those they strike, causing
   extra injury to most foes and up to half again as much damage against
   particularly susceptible opponents.
   They can also slow down cold-blooded creatures.
   It affects your strength (+4).
   It makes you vulnerable to cold.
   It insulates you from electricity.
   It lets you turn invisible.
Armour
 F - a +0 plate armour (worn)
Jewellery
 o - a ring of poison resistance (right hand)
 s - a ring of see invisible (left hand)
 D - an amulet of guardian spirit (around neck)
Wands
 d - a wand of lightning (10)
 f - a wand of random effects (13)
 k - a wand of fire (9)
 t - a wand of fireball (13)
 E - a wand of enslavement (8)
 L - a wand of lightning (3)
Scrolls
 i - 5 scrolls of amnesia {unknown}
 j - 8 scrolls of enchant armour
 l - 3 scrolls of noise
 p - a scroll of acquirement {unknown}
 q - 2 scrolls of fear {unknown}
 u - 4 scrolls of remove curse {@r2}
 x - 5 scrolls of recharging
 y - a scroll of blinking {unknown}
 G - 2 scrolls of enchant weapon {unknown}
 H - 3 scrolls of immolation
 I - a scroll of fog
 K - a scroll of brand weapon {unknown}
 M - 3 scrolls of magic mapping
 T - 5 scrolls of teleportation {!r, @r3}
Potions
 g - a potion of resistance
 h - 3 potions of brilliance
 n - a potion of curing {@q1}
 v - a potion of heal wounds
 A - a potion of cure mutation {!q}
 C - a potion of flight
 J - a potion of ambrosia
Miscellaneous
 m - a legendary deck of wonders {Dowsing}
 z - a phantom mirror
Comestibles
 e - 2 bread rations {@e1}
 r - 7 meat rations {@e2}


   Skills:
 + Level 7.9 Fighting
   Level 0.8 Short Blades
 * Level 14.0 Axes
 + Level 6.9 Armour
 + Level 7.1 Dodging
 - Level 0.8 Stealth
 - Level 3.0 Evocations


You had 11 spell levels left.
You didn't know any spells.

Dungeon Overview and Level Annotations

Branches:
Dungeon (11/15)            Temple (0/1) D:5            Lair (3/8) D:11
    Orc (1/4) D:9
  Swamp: Lair:3-6    Shoals: Lair:3-6     Snake: Lair:3-6    Spider: Lair:3-6

Altars:
Dithmenos
Elyvilon
Fedhas
Gozag
Nemelex Xobeh
Okawaru
Sif Muna
Trog
Xom
Yredelemnul
The Shining One

Shops:
D:4 ?   D:5 *   D:8 *(   Orc:1 :


Innate Abilities, Weirdness & Mutations

You have a pair of antennae on your head.
You are partially covered in rough black scales (AC +4, Dex -1).
You are mostly covered in sharp spines.
You are immune to rotting.


Message History

The lindwurm is moderately wounded.
The lindwurm is struck by your spines. The lindwurm bites you!
The lindwurm claws you but does no damage. x2
You take 7 damage, and have 82/92 hp.
You now have 11/14 mp.
You slash the lindwurm!
The lindwurm is severely wounded.
The lindwurm bites you but does no damage.
The lindwurm claws you but does no damage.
The lindwurm claws you.
You take 2 damage, and have 80/92 hp.
You now have 10/14 mp.
You hit the lindwurm.
The lindwurm is almost dead.
The lindwurm is struck by your spines. The lindwurm bites you!
The lindwurm claws you but does no damage.
The lindwurm closely misses you.
You take 9 damage, and have 71/92 hp.
You now have 9/14 mp.
You closely miss the lindwurm.
The lindwurm is almost dead.
The lindwurm breathes flames at you. The blast of flame hits you!
You hit the lindwurm but do no damage.
The lindwurm is almost dead.
The lindwurm bites you. The lindwurm barely misses you.
The lindwurm barely misses you.
Your plate armour prevents you from hitting the lindwurm.
The lindwurm is almost dead.
The lindwurm is struck by your spines. The lindwurm bites you.
The lindwurm barely misses you.
The lindwurm claws you but does no damage.
You take 9 damage, and have 62/92 hp.
You now have 8/14 mp.
You slash the lindwurm!
You kill the lindwurm!
Your Axes skill increases to level 14!
You now have 1224 gold pieces (gained 23).
You start resting.
Magic restored.
You regained 10 hp, and now have 73/92 hp.
MP restored: 14 You start resting.
HP restored.
Health restored: 92
(D) Dungeon (T) Temple (L) Lair (O) Orcish Mines
Where to? (Enter - Lair:3, ? - help)
There is a stone staircase leading down here.
You climb downwards.
Marking area around the seven-headed hydra as unsafe for travelling.
A water moccasin, 2 porcupines, a hydra and a death yak come into view.
The water moccasin hisses angrily.
The death yak bellows!
The seven-headed hydra roars!
There is a stone staircase leading up here.
You climb upwards.
There is a stone staircase leading down here.
You enter the shallow water.
Moving in this stuff is going to be slow.
There is a stone staircase leading down here.
You climb downwards.
There is a stone staircase leading up here.
Found a stone staircase leading down.
A komodo dragon comes into view.
The komodo dragon hisses angrily.
The komodo dragon bites you!
You take 15 damage, and have 77/92 hp.
You now have 12/14 mp.
You hit the komodo dragon.
The komodo dragon is lightly wounded.
The komodo dragon bites you!!
You take 17 damage, and have 60/92 hp.
You now have 9/14 mp.
You slash the komodo dragon!
The komodo dragon is moderately wounded.
The komodo dragon bites you but does no damage.
You hit the komodo dragon.
The komodo dragon is moderately wounded.
The komodo dragon bites you but does no damage.
You slash the komodo dragon!
The komodo dragon is heavily wounded.
The komodo dragon is struck by your spines.
The komodo dragon bites you!
You take 8 damage, and have 53/92 hp.
You now have 8/14 mp.
You are too injured to fight recklessly!
You closely miss the komodo dragon.
The komodo dragon is heavily wounded.
The komodo dragon is struck by your spines.
The komodo dragon bites you!!
* * * LOW HITPOINT WARNING * * *
You take 18 damage, and have 35/92 hp.
You now have 5/14 mp.
You hit the komodo dragon but do no damage.
The komodo dragon is severely wounded.
The komodo dragon bites you!
* * * LOW HITPOINT WARNING * * *
You take 14 damage, and have 21/92 hp.
You now have 3/14 mp.
You hit the komodo dragon.
The komodo dragon is almost dead.
The komodo dragon barely misses you.
Your plate armour prevents you from hitting the komodo dragon.
The komodo dragon is almost dead.
The komodo dragon bites you but does no damage.
You barely miss the komodo dragon.
The komodo dragon is almost dead.
The komodo dragon bites you!!
You die...
Your body crumbles into a pile of gold. █████

███P█.██ █......██
██.....P█ █......██
███.█
███......███......
█.<.......@l......
█.................(..
.....█.................
█.██ █...........>....█
█ █...............██.
██......P█....███
██......██...█
█████..███...


You could see a komodo dragon.

Vanquished Creatures
  Snorg (D:10)
  Erica (D:8)
  Sonja (Lair:1)
  A lindwurm (Lair:2)
  Joseph (D:8)
  4 spiny frogs
  A two-headed ogre (D:10)
  A fire drake (D:11)
  2 black mambas (Lair:2)
  5 komodo dragons (Lair:2)
  A queen bee (D:10)
  Prince Ribbit (D:6)
  A shadow (D:7)
  8 blink frogs
  7 yaks
  A basilisk (Lair:2)
  Grum (D:8)
  6 wolves
  3 hippogriffs
  Menkaure (D:6)
  A warg (D:9)
  6 porcupines
  5 water moccasins
  7 orc warriors
  4 black bears
  3 phantoms
  An ice beast (D:10)
  3 necrophages (D:10)
  A wasp (D:11)
  3 sky beasts
  2 ogres
  3 crocodiles
  An elf zombie (Ossuary)
  A big kobold (D:10)
  3 centaurs
  Blork the orc (D:4)
  8 giant frogs
  3 scorpions
  17 killer bees (D:10)
  14 wights
  A giant frog zombie (D:9)
  A gnoll shaman (D:5)
  6 hounds
  10 orc wizards
  2 quasits
  2 giant frog skeletons
  6 centaur zombies
  2 jellies
  3 crimson imps
  7 human zombies (Ossuary)
  A centaur skeleton (D:11)
  12 iguanas
  7 orc priests
  5 worker ants
  4 mummies
  A worker ant zombie (D:10)
  3 shadow imps
  13 adders
  An adder skeleton (D:9)
  2 worms (D:2)
  4 giant geckos
  54 orcs
  3 giant cockroaches
  11 goblins
  13 hobgoblins
  10 jackals
  6 kobolds
  3 ball pythons
  6 bats
  6 giant newts
  A goblin zombie (D:8)
  A hobgoblin zombie (D:8)
  A quokka skeleton (D:4)
  7 rats
350 creatures vanquished.

Vanquished Creatures (collateral kills)
  2 ogres
  A centaur (D:10)
  A giant frog (D:10)
4 creatures vanquished.

Vanquished Creatures (others)
  11 fungi (Lair:2)
  6 plants (Lair:2)
17 creatures vanquished.

Grand Total: 371 creatures vanquished

Notes
Turn   | Place    | Note
--------------------------------------------------------------
     0 | D:1      | Goblin1989 the Demonspawn Artificer began the quest for the Orb.
     0 | D:1      | Reached XP level 1. HP: 15/15 MP: 3/3
     0 | D:1      | Wingboner: Но потом решили, что слишком имба.
    43 | D:1      | Wingboner: Гоблин, а я ж предупреждал, что там электричество.
    43 | D:1      | Goblin1989: да, не протабалось
   147 | D:1      | Gained mutation: You have a pair of small antennae on your head. [demonic ancestry]
   147 | D:1      | Reached XP level 2. HP: 17/22 MP: 4/4
   593 | D:1      | Reached skill level 1 in Axes
  1044 | D:1      | Gained mutation: You are partially covered in rough black scales (AC +4, Dex -1). [demonic ancestry]
  1044 | D:1      | Reached XP level 3. HP: 27/27 MP: 5/5
  1446 | D:2      | Found a basalt altar of Yredelemnul.
  1553 | D:2      | Found a white marble altar of Elyvilon.
  1597 | D:2      | Found a deep blue altar of Sif Muna.
  2384 | D:3      | Reached XP level 4. HP: 33/33 MP: 6/6
  2850 | D:3      | Found a glowing golden altar of the Shining One.
  2853 | D:3      | Found a bloodstained altar of Trog.
  2856 | D:3      | Found a shimmering altar of Xom.
  3211 | D:3      | Found an opulent altar of Gozag.
  3226 | D:3      | Became a worshipper of Gozag Ym Sagoz the Greedy
  3254 | D:4      | Noticed a phantom
  3273 | D:4      | Killed a phantom
  3273 | D:4      | Reached skill level 4 in Axes
  3273 | D:4      | Reached XP level 5. HP: 25/38 MP: 7/7
  3396 | D:4      | Found Ymeaman's Magic Scroll Boutique.
  3419 | D:4      | Bought a scroll of magic mapping for 38 gold pieces
  3419 | D:4      | Bought a scroll of identify for 22 gold pieces
  3419 | D:4      | Bought a scroll of remove curse for 33 gold pieces
  3488 | D:4      | Found a sparkling altar of Nemelex Xobeh.
  3526 | D:4      | Found a shadowy altar of Dithmenos.
  3543 | D:4      | Noticed an ogre
  3572 | D:4      | Killed an ogre
  3718 | D:4      | Noticed Blork the orc
  3733 | D:4      | Killed Blork the orc
  3733 | D:4      | Reached skill level 5 in Axes
  3733 | D:4      | Gained mutation: You are partially covered in sharp spines. [demonic ancestry]
  3733 | D:4      | Reached XP level 6. HP: 24/44 MP: 4/8
  4005 | D:5      | Entered Level 5 of the Dungeon
  4005 | D:5      | Found a bloodstained altar of Trog.
  4178 | D:5      | Reached skill level 6 in Axes
  4372 | D:5      | Found Pasoit's Assorted Antiques.
  4453 | D:5      | Gained mutation: You are immune to rotting. [demonic ancestry]
  4453 | D:5      | Reached XP level 7. HP: 36/50 MP: 6/9
  4719 | D:5      | Found a staircase to the Ecumenical Temple.
  4900 | D:5      | Found an iron altar of Okawaru.
  4924 | D:5      | Found a sparkling altar of Nemelex Xobeh.
  5169 | D:5      | Found a blossoming altar of Fedhas.
  5345 | D:6      | Noticed Prince Ribbit
  5634 | D:6      | Noticed Menkaure
  5638 | D:6      | Reached skill level 7 in Axes
  5643 | D:6      | Killed Menkaure
  5868 | D:6      | Reached skill level 8 in Axes
  5876 | D:6      | Killed Prince Ribbit
  5876 | D:6      | Gained mutation: You have a pair of antennae on your head. [demonic ancestry]
  5876 | D:6      | Reached XP level 8. HP: 24/56 MP: 3/10
  6292 | D:7      | Soeti: Голбин опять за свое
  6299 | D:7      | Reached skill level 9 in Axes
  6537 | D:7      | Reached skill level 10 in Axes
  6674 | D:7      | Goblin1989: ну да
  6867 | D:7      | Goblin1989: когда-нибудь я сделаю greterace
  6888 | D:7      | Reached XP level 9. HP: 54/61 MP: 9/11
  6891 | D:7      | Soeti: блин, че ты тогда какой-нибудь блинк не юзнул
  6897 | D:7      | Goblin1989: блинка не было так-то
  6897 | D:7      | Goblin1989: !lg goblin1989 -log
  6897 | D:7      | beem: 1835. Goblin1989, XL11 SpAs, T:15081: http://crawl.xtahua.com/crawl/morgue/Goblin1989/morgue-Goblin1989-20170316-082154.txt
  6897 | D:7      | Soeti: три штуки
  6897 | D:7      | Goblin1989: НЕИДЕНТИФИЦИРОВАННЫХ
  6897 | D:7      | Goblin1989: а вот пять хилок - это да, хреново
  6897 | D:7      | fotsohgehT: фир, инвиз, хилвундс, куча вандов
  6897 | D:7      | Goblin1989: но вопрос другой
  6897 | D:7      | Soeti: которые ты не заиндефил при наличие скролов идентификации
  6897 | D:7      | Goblin1989: почему я зажимаю таб - вот вопрос
  7325 | D:8      | Found Fyisk's General Store.
  7352 | D:8      | Found a sand-covered staircase.
  7361 | Ossuary  | Entered an ossuary
  7535 | Ossuary  | Soeti: фир мог бы юзнуть. Это практически гарантированный сейф был бы
  7538 | Ossuary  | Goblin1989: ну не юзнул
  7538 | Ossuary  | Goblin1989: ну помер
  7538 | Ossuary  | Goblin1989: подумаешь
  7543 | Ossuary  | Reached skill level 1 in Armour
  7645 | Ossuary  | Soeti: Да тебя не жалко. Жалко кинжал^^
  7672 | Ossuary  | Goblin1989: я чеи брал когда хотел покастовать
  7672 | Ossuary  | Goblin1989: но потом передумал
  7672 | Ossuary  | Goblin1989: и качал я там всякую фигню
  7853 | D:8      | Soeti: Мне кажется, когда ты берешь чеи на раннем этапе, то сразу евок в пол.
  7853 | D:8      | Soeti: чтобы бенд оф тайм и клоучи хотя бы сейвили
  7853 | D:8      | Goblin1989: не фанат чеи
  7853 | D:8      | Goblin1989: вон казуал рассказет если захочет
  7853 | D:8      | Goblin1989: я скорее фанат гозага
  7853 | D:8      | Bought a potion of curing for 33 gold pieces
  7853 | D:8      | Bought a scroll of enchant armour for 82 gold pieces
  7853 | D:8      | Bought a potion of ambrosia for 88 gold pieces
  7907 | D:8      | Reached skill level 11 in Axes
  8044 | D:8      | Noticed Erica
  8055 | D:8      | Killed Erica
  8210 | D:8      | Noticed Grum
  8222 | D:8      | Gained mutation: You are clumsy. (Dex -2) [potion of mutation]
  8222 | D:8      | Gained mutation: Your magical capacity is low (-10% MP). [potion of mutation]
  8222 | D:8      | Gained mutation: Your system is resistant to poisons. [potion of mutation]
  8223 | D:8      | Lost mutation: You are clumsy. (Dex -2) [potion of cure mutation]
  8223 | D:8      | Lost mutation: Your magical capacity is low (-10% MP). [potion of cure mutation]
  8223 | D:8      | Lost mutation: Your system is resistant to poisons. [potion of cure mutation]
  8227 | D:8      | fotsohgehT: можно просто инвиз у гозага попросить
  8239 | D:8      | Killed Grum
  8251 | D:8      | Gained mutation: You are mostly covered in sharp spines. [demonic ancestry]
  8251 | D:8      | Reached XP level 10. HP: 28/71 MP: 7/12
  8253 | D:8      | Soeti: ля как жить хочет. А за спригана не особо рвался)
  8261 | D:8      | fotsohgehT: да не особо хочет
  8478 | D:8      | Got an ichor-stained hunting sling
  8492 | D:8      | Found Zawiubis's Weapon Shoppe.
  8498 | D:8      | Found a sparkling altar of Nemelex Xobeh.
  8503 | D:8      | Noticed Joseph
  8504 | D:8      | Soeti: кто-то, кстати, этот меч на практике юзал вообще?
  8627 | D:8      | Killed Joseph
  8806 | D:8      | Goblin1989: нежить поднимает
  8806 | D:8      | Goblin1989: хотя не
  8806 | D:8      | Goblin1989: это другой
  8806 | D:8      | Goblin1989: этот хз
  8854 | D:8      | You fall through a shaft for 2 floors!
  8854 | D:10     | Entered Level 10 of the Dungeon
  8856 | D:10     | Wingboner: Какой меч7
  8889 | D:10     | Wingboner: Да, поднимает нежить. Дружественная, если убито этим мечом, и враждебная, если чем-то другим.
  9011 | D:9      | Soeti: Я имею ввиду практическую ценность данного арта
  9039 | D:9      | Found a staircase to the Orcish Mines.
  9052 | D:9      | Wingboner: Достаточно неплох.
  9405 | D:9      | Wingboner: Толпа петов это всегда толпа петов.
  9635 | D:9      | Reached skill level 12 in Axes
  9931 | D:9      | Identified the +7 hunting sling of Yhejem {freeze, +Inv rElec rC- Str+4} (You found it on level 8 of the Dungeon)
 10362 | D:9      | Soeti: Гоблин, у тебя запрет таба на дефолте?
 10367 | D:9      | Wingboner: Наоборот же.
 10367 | D:9      | Wingboner: _No target in view! _No target in view! _No target in view! _No target in view! _No target in view! _No target in view!
 10397 | D:9      | Wingboner: Он спит на табе.
 10562 | D:10     | Reached skill level 5 in Fighting
 10660 | D:10     | Soeti: Просто он как-то нездорово работает, имхо
 10675 | D:10     | Soeti: Я запрещал таб на 70% хп с варнингом
 10675 | D:10     | Goblin1989: море много в настройках
 10760 | D:10     | Wingboner: Скорее всего hdaforcemore подключен?
 10760 | D:10     | Goblin1989: не
 10760 | D:10     | Wingboner: http://crawl.akrasiac.org/rcfiles/crawl-git/HDAForceMore.rc
 10760 | D:10     | Goblin1989: у того вообще безумный конфиг
 10760 | D:10     | Goblin1989: ну примерно половина оттуда
 10760 | D:10     | Goblin1989: и парочка еще я сам придумал
 10764 | D:10     | Reached skill level 5 in Dodging
 10772 | D:10     | Reached skill level 5 in Armour
 10787 | D:10     | Reached XP level 11. HP: 30/80 MP: 8/13
 11050 | D:10     | Goblin1989: этот конфиг скорее приспособлен под патти, чем под браузер
 11050 | D:10     | Goblin1989: но в патти я сегодня поленился лезть
 11162 | D:10     | Noticed Snorg
 11163 | D:10     | Wingboner: Дратути.
 11163 | D:10     | Wingboner: Тут-то тебя и утрамбует.
 11163 | D:10     | Goblin1989: лол
 11163 | D:10     | fotsohgehT: странные у него цены
 11163 | D:10     | Goblin1989: видимо качество вторых бцтылок так себе
 11163 | D:10     | Goblin1989: паленый инвиз
 11163 | D:10     | Goblin1989: от него голова бобо
 11216 | D:10     | Killed Snorg
 11878 | D:11     | Wingboner: Ну, от передоза любого инвиза тебя скрючить может.
 12030 | D:11     | Reached skill level 13 in Axes
 12065 | D:11     | Found a staircase to the Lair.
 12066 | D:11     | Goblin1989: ну да, логично
 12316 | Orc:1    | Entered Level 1 of the Orcish Mines
 12323 | Orc:1    | Found Viph's Book Shop.
 12636 | Orc:1    | Soeti: Yara's Violent Unravelling - практичная штука или говно?
 12710 | Orc:1    | Soeti: не, таб говно в конфиге.
 13001 | Lair:1   | Entered Level 1 of the Lair of Beasts
 13227 | Lair:1   | Wingboner: Яра имба сраная.
 13262 | Lair:1   | Noticed Sonja
 13266 | Lair:1   | Wingboner: Снимает радиацию, коррозию, сап, петрифай и многое, многое другое.
 13266 | Lair:1   | Wingboner: Только некромутация нужна.
 13273 | Lair:1   | Soeti: Вроде она накидывает мутации на вражеских магов или чет такое
 13275 | Lair:1   | Killed Sonja
 13420 | Lair:1   | Wingboner: Это не нужно.
 13591 | Lair:1   | Wingboner: А вот на себя обалденно кастовать.
 13848 | Lair:1   | Wingboner: Это ДИСПЕЛ.
 13878 | Lair:1   | Soeti: О как
 14808 | Lair:2   | Reached XP level 12. HP: 58/91 MP: 9/14
 14835 | Lair:2   | Soeti: А некромутация - чтобы дебаф не словить?
 14941 | Lair:2   | Wingboner: Чтобы мутацию не словить.
 15363 | Lair:2   | Wingboner: В зигах с молью вообще тема.
 15389 | Lair:2   | Wingboner: Кастуешь на себя невидимость и херачишь моль.
 15713 | Lair:2   | Wingboner: Когда невидимость подходит к концу. а моль ещё не закончилась, кастуешь яру, она сносит радиацию от невидимости, пьёшь бутылку невидимости и херачишь моль дальше.
 15924 | Lair:2   | Wingboner: Заодно ещё и коррозию от виверов сносит.
 16207 | Lair:2   | Wingboner: Ну и сап вообще безопасным становится.
 16213 | Lair:2   | Wingboner: И петрифай.
 16768 | Lair:2   | Goblin1989: хм
 16768 | Lair:2   | Goblin1989: значит я совсем тупо дворфа тогопотерял
 16768 | Lair:2   | Goblin1989: !lg goblin1989 plfce:zig -log
 16768 | Lair:2   | beem: No keyword 'plfce:zig'
 16768 | Lair:2   | Goblin1989: !lg goblin1989 plfce:ziggurat -log
 16768 | Lair:2   | beem: No keyword 'plfce:ziggurat'
 16768 | Lair:2   | Goblin1989: !lg goblin1989 place:ziggurat -log
 16768 | Lair:2   | beem: No keyword 'place:ziggurat'
 16768 | Lair:2   | Goblin1989: !lg goblin1989 ddee place=ziggurat -log
 16768 | Lair:2   | Goblin1989: !lg goblin1989 ddee place=zig -log
 16768 | Lair:2   | Goblin1989: бим на мою тупость обиделся в общем
 16817 | Lair:2   | Reached skill level 14 in Axes
 16951 | Lair:3   | Noticed a seven-headed hydra
 17033 | Lair:3   | Slain by a komodo dragon

Action                   |  1- 3 |  4- 6 |  7- 9 | 10-12 || total
-------------------------+-------+-------+-------+-------++-------
Melee: Short sword       |    43 |       |       |       ||    43
       Hand axe          |   142 |   153 |   345 |       ||   640
       Battleaxe         |       |       |    25 |   520 ||   545
       Unarmed           |       |       |     1 |       ||     1
Invok: Potion Petition   |       |       |     1 |     4 ||     5
Evoke: Wand              |    11 |    11 |       |     6 ||    28
  Use: Potion            |       |       |    11 |     6 ||    17
       Scroll            |       |       |       |     9 ||     9
 Stab: Sleeping          |     1 |       |       |       ||     1
       Distracted        |       |     1 |     2 |     2 ||     5
       Invisible         |       |       |       |    14 ||    14
  Eat: Chunk             |     2 |       |       |       ||     2
       Meat ration       |     1 |       |       |       ||     1
       Bread ration      |       |     1 |     2 |     3 ||     6
       Beef jerky        |       |       |     2 |       ||     2
       Pizza             |       |       |     1 |     2 ||     3
       Royal jelly       |       |       |       |     8 ||     8

Vault maps used:
D:1:      dpeg_arrival_tiny_a
D:2:      lemuel_blue_sif_altar, nicolae_overflow_crystal_walls,
          lemuel_crystal_altar, amalloy_card_club
D:3:      grunt_temple_overflow_diamond, lemuel_crystal_altar, first_bread
D:4:      overflow_temple_1_default, serial_shops, shop,
          nemelex_diamond_rough_becter, uniq_blork_the_orc
D:5:      kennysheep_mini, kennysheep_little_box, minmay_temple_entry_hall,
          basic_altar, serial_shops, nicolae_shop_crystal, fedhas_altar_2
D:6:      uniq_menkaure, uniq_prince_ribbit1
D:8:      nicolae_ossuary_entry_giza, basic_altar, serial_shops, shop, shop,
          uniq_grum, uniq_joseph, uniq_erica
D:9:      orc_david_3
D:10:     david_nohive_1, uniq_snorg
D:11:     minmay_lair_entry_lava
Lair:1:   uniq_sonja
Lair:2:   beast_lair_carwin_large_4, cheibrodos_lair_reptile_den
Lair:3:   grunt_megastairs_3
Orc:1:    serial_shops, shop, nicolae_orc_flooded_monolith, minmay_orc_temple_b
Ossuary:  ossuary_minmay_four_chambers
